WCHLSIM.com - West Coast Hockey League
html PUBLIC "-//W3C//DTD XHTML 1.0 Transitional//EN" "http://www.w3.org/TR/xhtml1/DTD/xhtml1-transitional.dtd"> WCHL - Game 443 - BANFF WOLVES vs ANAHEIM OUTLAWS

BANFF WOLVES vs ANAHEIM OUTLAWS

Created - 16 décembre 2022 at 07:34

Goals
1 2 3 T
BANFF WOLVES 1 1 2 4
ANAHEIM OUTLAWS 0 3 2 5
Shots
1 2 3 T
BANFF WOLVES 10 5 17 32
ANAHEIM OUTLAWS 9 13 6 28

1st period

1. BANFF WOLVES , Alex Tuch 12 (Roope Hintz 19) at 6:10

Penalties :
Pierre Engvall (ANA) for Interference (Minor) at 2:25, Dougie Hamilton (BAN) for Hooking (Minor) at 13:55

2nd period

2. ANAHEIM OUTLAWS , Michael Rasmussen 3 (Kent Johnson 3) at 2:12
3. ANAHEIM OUTLAWS , Sam Bennett 5 (Michael Bunting 8, Dylan Coghlan 2) at 3:18
4. ANAHEIM OUTLAWS , Jeff Skinner 6 (Michael Bunting 9, Sam Bennett 16) at 4:38
5. BANFF WOLVES , Roope Hintz 15 (Alex Tuch 19, Vincent Trocheck 8) at 15:45

Penalties :
Haydn Fleury (ANA) for Slashing (Minor) at 10:29, Logan O'Connor (BAN) for Holding (Minor) at 18:30

3rd period

6. ANAHEIM OUTLAWS , Kevin Fiala 13 (Evgeny Kuznetsov 22, Morgan Rielly 12) at 10:51
7. BANFF WOLVES , Roope Hintz 16 (Vincent Trocheck 9) at 12:14
8. BANFF WOLVES , Vincent Trocheck 3 (Roope Hintz 20, Alex Tuch 20) at 16:38
9. ANAHEIM OUTLAWS , Jeff Skinner 7 (Sam Bennett 17, Michael Bunting 10) at 17:54

Penalties :
Henri Jokiharju (ANA) for Holding (Minor) at 0:40

Goalie Stats

Jeremy Swayman (BAN), 23 saves from 28 shots - (0,821), L, 4-7-1, 60:00 minutes
Mackenzie Blackwood (ANA), 28 saves from 32 shots - (0,875), W, 4-5-0, 60:00 minutes

Players Stats for BANFF WOLVES

Player Name              G  A  P  +/- PIM S  H  SB GA TA FO     MP     PP MP  PK MP  
------------------------------------------------------------------------------------
Alex Galchenyuk          0  0  0  -2  0   1  1  0  0  0  1/1    13:20   2:50   0:00 
Alex Tuch                1  2  3   2  0   6  0  1  0  0  0/3    20:48   3:07   0:00 
Alexander Romanov        0  0  0  -2  0   1  3  1  0  0  0/0    15:53   0:00   0:51 
Brady Tkachuk            0  0  0  -1  0   3  4  0  0  0  1/2    19:38   3:07   0:25 
Brandon Montour          0  0  0   1  0   0  0  0  0  0  0/0    20:45   2:50   1:43 
Dawson Mercer            0  0  0  -2  0   1  0  0  0  0  1/1    14:39   2:50   0:53 
Dougie Hamilton          0  0  0   0  2   0  0  0  0  0  0/0    22:57   3:07   1:00 
Dryden Hunt              0  0  0   0  0   0  1  0  0  0  2/7     5:48   0:00   0:00 
Esa Lindell              0  0  0   0  0   1  1  3  0  0  0/0    24:13   3:07   2:15 
Jacob Bryson             0  0  0  -2  0   0  1  0  0  0  0/0    15:16   0:00   0:14 
Jakub Voracek            0  0  0  -1  0   3  0  0  0  0  1/1    18:30   2:50   0:00 
Jamie Oleksiak           0  0  0   1  0   0  2  1  0  0  0/0    18:05   0:00   1:53 
Joe Snively              0  0  0   0  0   1  0  0  0  0  0/0     5:48   0:00   0:00 
Logan O'Connor           0  0  0   0  2   0  0  0  0  0  0/0     7:40   0:00   1:27 
Nick Cousins             0  0  0  -2  0   1  0  0  0  0  4/15   11:43   0:00   1:13 
Roope Hintz              2  2  4   2  0   7  1  0  0  0  1/4    20:48   3:07   0:00 
Sean Couturier           0  0  0  -1  0   2  0  2  0  0  13/16  16:33   0:00   0:53 
Vincent Trocheck         1  2  3   2  0   5  5  1  0  0  24/37  23:36   2:50   3:05 

Players Stats for ANAHEIM OUTLAWS

Player Name              G  A  P  +/- PIM S  H  SB GA TA FO     MP     PP MP  PK MP  
------------------------------------------------------------------------------------
Adrian Kempe             0  0  0   0  0   0  0  0  0  0  0/0     0:00   0:00   0:00 
Dylan Coghlan            0  1  1   0  0   0  0  1  0  0  0/0    18:09   2:13   2:45 
Evgeny Kuznetsov         0  1  1   0  0   3  1  0  0  0  10/20  16:40   2:31   0:00 
Haydn Fleury             0  0  0   0  2   1  0  0  0  0  0/0    18:25   0:18   0:56 
Henri Jokiharju          0  0  0   1  2   0  3  0  0  0  0/0    20:30   1:27   2:16 
Jack Quinn               0  0  0  -1  0   1  0  0  0  0  0/0     7:12   0:00   0:00 
Jeff Skinner             2  0  2   2  0   5  0  0  0  0  2/4    22:43   1:27   3:27 
Kent Johnson             0  1  1   0  0   1  0  0  0  0  0/6    13:26   2:31   0:00 
Kevin Fiala              1  0  1   0  0   7  0  0  0  0  0/0    14:09   0:00   0:00 
Michael Bunting          0  3  3   2  0   3  1  0  0  0  1/1    22:43   1:27   3:27 
Michael Rasmussen        1  0  1   0  0   1  1  0  0  0  8/16   15:56   2:31   2:30 
Morgan Rielly            0  1  1   0  0   0  0  1  0  0  0/0    24:43   2:31   2:06 
Noah Hanifin             0  0  0   1  0   2  1  1  0  0  0/0    24:51   1:27   3:51 
Pierre Engvall           0  0  0  -1  2   0  2  0  0  0  0/0    21:02   0:00   0:00 
Pius Suter               0  0  0  -1  0   0  2  0  0  0  4/10    7:12   0:00   0:00 
Sam Bennett              1  2  3   2  0   4  3  0  0  0  12/28  22:04   1:27   2:30 
Thomas Hickey            0  0  0   0  0   0  2  2  0  0  0/0    13:20   0:00   0:00 
Zack MacEwen             0  0  0   0  0   0  3  0  0  0  2/2    10:55   0:00   0:00 

3 Stars

1 - Roope Hintz (BAN)
2 - Vincent Trocheck (BAN)
3 - Sam Bennett (ANA)

Power Play

BANFF WOLVES - 0 on 3 Attempt(s) - 0,00%
ANAHEIM OUTLAWS - 0 on 2 Attempt(s) - 0,00%

Penalty Kill

BANFF WOLVES - 2 on 2 Attempt(s) - 100,00% - Score 0 goal in Penalty Kill
ANAHEIM OUTLAWS - 3 on 3 Attempt(s) - 100,00% - Score 0 goal in Penalty Kill

Team Stat

BANFF WOLVES - Hits : 19 - Faceoff Wins : 48 - Blocked Shots : 9 - Penalty Minutes : 4
ANAHEIM OUTLAWS - Hits : 19 - Faceoff Wins : 39 - Blocked Shots : 5 - Penalty Minutes : 6

Official

Referees : Adam Bloski and Mike Campbell
Linesman : Steven Walsh and Matt MacPherson

Game Notes

No Game Note

Finance

Level 1 -- Attendance: 4338 (66,74%) -- Ticket Income 845 910 $
Level 2 -- Attendance: 3661 (66,56%) -- Ticket Income 475 930 $
Level 3 -- Attendance: 1831 (73,24%) -- Ticket Income 164 790 $
Level 4 -- Attendance: 3021 (60,42%) -- Ticket Income 226 575 $
Luxury Box -- Attendance: 634 (63,40%) -- Ticket Income 253 600 $
Game was played at the Bouch Garden.
Total Attendance: 13485 (65,78%)
Total Ticket Income: 1 966 805 $
Other Expense: 19 668 $
Total Income: 1 947 137 $

BANFF WOLVES

5 vs 5 Forward 
   Center                   Left Wing                Right Wing               Time % Phy DF OF 
 1 Vincent Trocheck         Roope Hintz              Alex Tuch                39     1   2  2  
 2 Sean Couturier           Brady Tkachuk            Jakub Voracek            37     1   2  2  
 3 Nick Cousins             Alex Galchenyuk          Dawson Mercer            20     1   2  2  
 4 Dryden Hunt              Joe Snively              Logan O'Connor           4      1   2  2  

5 vs 5 Defense 
   Defense                  Defense                                           Time % Phy DF OF 
 1 Esa Lindell              Dougie Hamilton                                   36     1   2  2  
 2 Jamie Oleksiak           Brandon Montour                                   31     1   2  2  
 3 Alexander Romanov        Jacob Bryson                                      23     1   2  2  
 4 Esa Lindell              Dougie Hamilton                                   10     1   2  2  

PowerPlay Forward 
   Center                   Left Wing                Right Wing               Time % Phy DF OF 
 1 Roope Hintz              Brady Tkachuk            Alex Tuch                55     0   0  5  
 2 Vincent Trocheck         Alex Galchenyuk          Jakub Voracek            45     0   0  5  

PowerPlay Defense
   Defense                  Defense                                           Time % Phy DF OF 
 1 Esa Lindell              Dougie Hamilton                                   55     0   0  5  
 2 Dawson Mercer            Brandon Montour                                   45     0   0  5  

Penalty Kill 4 Players Forward 
   Center                   Wing                     Time % Phy DF OF 
 1 Vincent Trocheck         Logan O'Connor           55     1   4  0  
 2 Sean Couturier           Dawson Mercer            45     1   4  0  

Penalty Kill 4 Players Defense
   Defense                  Defense                  Time % Phy DF OF 
 1 Esa Lindell              Dougie Hamilton          55     1   4  0  
 2 Jamie Oleksiak           Brandon Montour          45     1   4  0  

Penalty Kill - 3 Players Forward 
   Forward                                           Time % Phy DF OF 
 1 Vincent Trocheck                                  55     0   5  0  
 2 Logan O'Connor                                    45     0   5  0  

Penalty Kill - 3 Players Defense
   Defense                  Defense                  Time % Phy DF OF 
 1 Esa Lindell              Dougie Hamilton          55     0   5  0  
 2 Jamie Oleksiak           Brandon Montour          45     0   5  0  

4 vs 4 Forward 
   Center                   Wing                     Time % Phy DF OF 
 1 Nick Cousins             Dawson Mercer            55     1   2  2  
 2 Alex Galchenyuk          Logan O'Connor           45     1   2  2  

4 vs 4 Defense
   Defense                  Defense                  Time % Phy DF OF 
 1 Esa Lindell              Dougie Hamilton          55     1   2  2  
 2 Jamie Oleksiak           Brandon Montour          45     1   2  2  

Last Minutes Offensive
   Center                   Left Wing                Right Wing               Defense                  Defense                  
   Roope Hintz              Brady Tkachuk            Alex Tuch                Esa Lindell              Dougie Hamilton          

Last Minutes Defensive
   Center                   Left Wing                Right Wing               Defense                  Defense                  
   Roope Hintz              Brady Tkachuk            Alex Tuch                Esa Lindell              Dougie Hamilton          

Goaltenders
Starting : Jeremy Swayman           
Backup : Eetu Makiniemi           

Extra Forwards
Normal : Dawson Mercer, Logan O'Connor, Nick Cousins - PP : Dawson Mercer, Logan O'Connor - PK : Nick Cousins
Extra Defensemen
Normal : Alexander Romanov, Jacob Bryson, Jamie Oleksiak - PP : Alexander Romanov - PK : Jacob Bryson, Jamie Oleksiak
Penalty Shots
Roope Hintz, Alex Tuch, Sean Couturier, Jakub Voracek, Brady Tkachuk
Custom OT Lines Forwards
Roope Hintz, Brady Tkachuk, Dawson Mercer, Logan O'Connor, Alex Tuch, Nick Cousins, Sean Couturier, Jakub Voracek, Alex Galchenyuk, Vincent Trocheck
Custom OT Lines Defensemen
Esa Lindell, Dougie Hamilton, Jamie Oleksiak, Brandon Montour, Alexander Romanov

Scratches
Miro Heiskanen (Right Hip Injury), Mats Zuccarello (Left Hand Injury), John Gibson (Exhaustion)

ANAHEIM OUTLAWS

5 vs 5 Forward 
   Center                   Left Wing                Right Wing               Time % Phy DF OF 
 1 Evgeny Kuznetsov         Kevin Fiala              Pierre Engvall           36     1   2  2  
 2 Sam Bennett              Jeff Skinner             Michael Bunting          31     1   2  2  
 3 Pius Suter               Jack Quinn               Pierre Engvall           23     1   2  2  
 4 Michael Rasmussen        Kent Johnson             Zack MacEwen             10     1   2  2  

5 vs 5 Defense 
   Defense                  Defense                                           Time % Phy DF OF 
 1 Morgan Rielly            Haydn Fleury                                      36     1   2  2  
 2 Noah Hanifin             Henri Jokiharju                                   31     1   2  2  
 3 Thomas Hickey            Dylan Coghlan                                     23     1   2  2  
 4 Morgan Rielly            Noah Hanifin                                      10     1   2  2  

PowerPlay Forward 
   Center                   Left Wing                Right Wing               Time % Phy DF OF 
 1 Kent Johnson             Michael Rasmussen        Evgeny Kuznetsov         55     1   2  2  
 2 Sam Bennett              Jeff Skinner             Michael Bunting          45     1   2  2  

PowerPlay Defense
   Defense                  Defense                                           Time % Phy DF OF 
 1 Morgan Rielly            Dylan Coghlan                                     55     1   2  2  
 2 Noah Hanifin             Henri Jokiharju                                   45     1   2  2  

Penalty Kill 4 Players Forward 
   Center                   Wing                     Time % Phy DF OF 
 1 Jeff Skinner             Michael Bunting          55     1   2  2  
 2 Sam Bennett              Michael Rasmussen        45     1   2  2  

Penalty Kill 4 Players Defense
   Defense                  Defense                  Time % Phy DF OF 
 1 Morgan Rielly            Dylan Coghlan            55     1   2  2  
 2 Noah Hanifin             Henri Jokiharju          45     1   2  2  

Penalty Kill - 3 Players Forward 
   Forward                                           Time % Phy DF OF 
 1 Jeff Skinner                                      55     1   2  2  
 2 Sam Bennett                                       45     1   2  2  

Penalty Kill - 3 Players Defense
   Defense                  Defense                  Time % Phy DF OF 
 1 Morgan Rielly            Dylan Coghlan            55     1   2  2  
 2 Noah Hanifin             Henri Jokiharju          45     1   2  2  

4 vs 4 Forward 
   Center                   Wing                     Time % Phy DF OF 
 1 Jeff Skinner             Michael Bunting          55     1   2  2  
 2 Sam Bennett              Michael Rasmussen        45     1   2  2  

4 vs 4 Defense
   Defense                  Defense                  Time % Phy DF OF 
 1 Morgan Rielly            Dylan Coghlan            55     1   2  2  
 2 Noah Hanifin             Henri Jokiharju          45     1   2  2  

Last Minutes Offensive
   Center                   Left Wing                Right Wing               Defense                  Defense                  
   Evgeny Kuznetsov         Jeff Skinner             Kevin Fiala              Morgan Rielly            Haydn Fleury             

Last Minutes Defensive
   Center                   Left Wing                Right Wing               Defense                  Defense                  
   Sam Bennett              Kevin Fiala              Evgeny Kuznetsov         Morgan Rielly            Haydn Fleury             

Goaltenders
Starting : Mackenzie Blackwood      
Backup : Robin Lehner             

Extra Forwards
Normal : Michael Rasmussen, Kent Johnson, Jeff Skinner - PP : Michael Rasmussen, Kent Johnson - PK : Jeff Skinner
Extra Defensemen
Normal : Morgan Rielly, Dylan Coghlan, Noah Hanifin - PP : Morgan Rielly - PK : Dylan Coghlan, Noah Hanifin
Penalty Shots
Michael Rasmussen, Jeff Skinner, Sam Bennett, Kent Johnson, Michael Bunting
Custom OT Lines Forwards
Kevin Fiala, Kent Johnson, Sam Bennett, Evgeny Kuznetsov, Michael Bunting, Jeff Skinner, Pius Suter, Pierre Engvall, Michael Rasmussen, Jack Quinn
Custom OT Lines Defensemen
Morgan Rielly, Thomas Hickey, Noah Hanifin, Henri Jokiharju, Dylan Coghlan

Scratches
Rocco Grimaldi (Bruised Right Leg Injury), Ben Gleason (Healthy), Drew Doughty (Bruised Left Arm Injury), Lukas Dostal (Healthy)

% Time on Ice - BANFF WOLVES

Lines # - Real PCT - Wanted PCT - Time Play
Normal Forward
1 - 36% - 39% - 17:41
2 - 32% - 37% - 15:40
3 - 21% - 20% - 10:30
4 - 12% - 4% - 5:48
Normal Defense
1 - 34% - 36% - 16:43
2 - 33% - 31% - 16:12
3 - 30% - 23% - 15:02
4 - 3% - 10% - 1:42
PP Forward
1 - 52% - 55% - 3:07
2 - 48% - 45% - 2:50
PP Defense
1 - 52% - 55% - 3:07
2 - 48% - 45% - 2:50
PK Forward
1 - 78% - 55% - 3:05
2 - 22% - 45% - 0:53
PK Defense
1 - 57% - 55% - 2:15
2 - 43% - 45% - 1:43
PK3 Forward
1 - 0% - 55%
2 - 0% - 45%
PK3 Defense
1 - 0% - 55%
2 - 0% - 45%
44 Forward
1 - 0% - 55%
2 - 0% - 45%
44 Defense
1 - 0% - 55%
2 - 0% - 45%
Last Minute Offensive  - 0:26
Last Minute Defensive  - 0:00
Total
Forward - 60:00
Defense - 60:00

% Time on Ice - ANAHEIM OUTLAWS

Lines # - Real PCT - Wanted PCT - Time Play
Normal Forward
1 - 28% - 36% - 13:51
2 - 36% - 31% - 17:49
3 - 14% - 23% - 7:12
4 - 22% - 10% - 10:55
Normal Defense
1 - 34% - 36% - 16:54
2 - 33% - 31% - 16:39
3 - 27% - 23% - 13:20
4 - 6% - 10% - 2:54
PP Forward
1 - 63% - 55% - 2:31
2 - 37% - 45% - 1:27
PP Defense
1 - 63% - 55% - 2:31
2 - 37% - 45% - 1:27
PK Forward
1 - 58% - 55% - 3:27
2 - 42% - 45% - 2:30
PK Defense
1 - 35% - 55% - 2:06
2 - 65% - 45% - 3:51
PK3 Forward
1 - 0% - 55%
2 - 0% - 45%
PK3 Defense
1 - 0% - 55%
2 - 0% - 45%
44 Forward
1 - 0% - 55%
2 - 0% - 45%
44 Defense
1 - 0% - 55%
2 - 0% - 45%
Last Minute Offensive  - 0:00
Last Minute Defensive  - 0:18
Total
Forward - 60:00
Defense - 60:00

Play-by-Play

1st period


0:01 of 1st period - Evgeny Kuznetsov wins face-off versus Vincent Trocheck in neutral zone.
0:03 of 1st period - Off-side.
0:04 of 1st period - Sean Couturier wins face-off versus Sam Bennett in neutral zone.
0:33 of 1st period - Sean Couturier is hit by Henri Jokiharju and loses puck.
0:48 of 1st period - Shot by Jeff Skinner.
0:48 of 1st period - Stopped by Jeremy Swayman without a rebound.
0:49 of 1st period - Evgeny Kuznetsov wins face-off versus Vincent Trocheck in BANFF WOLVES zone.
0:50 of 1st period - Shot by Kevin Fiala.
0:50 of 1st period - Deflect By Evgeny Kuznetsov.
0:50 of 1st period - Shot Misses the Net.
1:12 of 1st period - Shot by Kevin Fiala.
1:12 of 1st period - Stopped by Jeremy Swayman without a rebound.
1:13 of 1st period - Michael Rasmussen wins face-off versus Nick Cousins in BANFF WOLVES zone.
1:33 of 1st period - Icing by Dylan Coghlan.
1:34 of 1st period - Michael Rasmussen wins face-off versus Vincent Trocheck in ANAHEIM OUTLAWS zone.
1:34 of 1st period - Michael Rasmussen is hit by Vincent Trocheck.
1:50 of 1st period - Shot by Alex Tuch.
1:50 of 1st period - Shot Blocked by Thomas Hickey.
2:02 of 1st period - Shot by Roope Hintz.
2:02 of 1st period - Shot Blocked by Dylan Coghlan.
2:04 of 1st period - Shot by Alex Tuch.
2:04 of 1st period - Stopped by Mackenzie Blackwood without a rebound.
2:05 of 1st period - Pius Suter wins face-off versus Dryden Hunt in ANAHEIM OUTLAWS zone.
2:05 of 1st period - Morgan Rielly is hit by Dryden Hunt and loses puck.
2:10 of 1st period - Shot by Joe Snively.
2:10 of 1st period - Stopped by Mackenzie Blackwood with a rebound.
2:25 of 1st period - Minor Penalty to Pierre Engvall for Interference.
2:26 of 1st period - Roope Hintz wins face-off versus Jeff Skinner in ANAHEIM OUTLAWS zone.
2:31 of 1st period - Shot by Alex Tuch.
2:31 of 1st period - Stopped by Mackenzie Blackwood with a rebound.
5:10 of 1st period - Icing by Alexander Romanov.
5:11 of 1st period - Sam Bennett wins face-off versus Dryden Hunt in BANFF WOLVES zone.
5:14 of 1st period - Shot by Michael Bunting.
5:14 of 1st period - Shot Misses the Net.
5:16 of 1st period - Shot by Michael Bunting.
5:16 of 1st period - Shot Misses the Net.
5:20 of 1st period - Shot by Michael Bunting.
5:20 of 1st period - Shot Misses the Net.
5:40 of 1st period - Shot by Sam Bennett.
5:40 of 1st period - Stopped by Jeremy Swayman without a rebound.
5:41 of 1st period - Sean Couturier wins face-off versus Michael Rasmussen in BANFF WOLVES zone.
5:50 of 1st period - Shot by Sean Couturier.
5:50 of 1st period - Stopped by Mackenzie Blackwood without a rebound.
5:51 of 1st period - Vincent Trocheck wins face-off versus Pius Suter in ANAHEIM OUTLAWS zone.
5:52 of 1st period - Shot by Alex Tuch.
5:52 of 1st period - Shot Misses the Net.
6:10 of 1st period - Shot by Alex Tuch.
6:10 of 1st period - The goal is going for a video replay.
6:10 of 1st period - The goal is good.
6:10 of 1st period - Goal by Alex Tuch - BANFF WOLVES : 1 - ANAHEIM OUTLAWS : 0.
6:11 of 1st period - Sean Couturier wins face-off versus Sam Bennett in neutral zone.
6:54 of 1st period - Shot by Jakub Voracek.
6:54 of 1st period - Stopped by Mackenzie Blackwood without a rebound.
6:55 of 1st period - Vincent Trocheck wins face-off versus Evgeny Kuznetsov in ANAHEIM OUTLAWS zone.
7:01 of 1st period - Pierre Engvall is hit by Vincent Trocheck and loses puck.
7:10 of 1st period - Shot by Roope Hintz.
7:10 of 1st period - Shot Blocked by Morgan Rielly.
7:12 of 1st period - Shot by Esa Lindell.
7:12 of 1st period - Shot Misses the Net.
7:16 of 1st period - Shot by Vincent Trocheck.
7:16 of 1st period - Deflect By Roope Hintz.
7:16 of 1st period - Stopped by Mackenzie Blackwood without a rebound.
7:17 of 1st period - Nick Cousins wins face-off versus Kent Johnson in ANAHEIM OUTLAWS zone.
8:28 of 1st period - Shot by Morgan Rielly.
8:28 of 1st period - Shot Misses the Net.
8:32 of 1st period - Shot by Kevin Fiala.
8:32 of 1st period - Stopped by Jeremy Swayman with a rebound.
8:34 of 1st period - Shot by Kevin Fiala.
8:34 of 1st period - Shot Misses the Net.
8:36 of 1st period - Shot by Morgan Rielly.
8:36 of 1st period - Shot Misses the Net.
8:44 of 1st period - Shot by Evgeny Kuznetsov.
8:44 of 1st period - Shot Misses the Net.
8:48 of 1st period - Shot by Kevin Fiala.
8:48 of 1st period - Shot Misses the Net.
8:55 of 1st period - Pierre Engvall is hit by Esa Lindell and loses puck.
9:20 of 1st period - Shot by Jakub Voracek.
9:20 of 1st period - Shot Misses the Net.
9:44 of 1st period - Michael Bunting is hit by Brady Tkachuk and loses puck.
10:22 of 1st period - Shot by Jack Quinn.
10:22 of 1st period - Stopped by Jeremy Swayman with a rebound.
10:24 of 1st period - Shot by Pierre Engvall.
10:24 of 1st period - Shot Blocked by Sean Couturier.
11:44 of 1st period - Shot by Roope Hintz.
11:44 of 1st period - Stopped by Mackenzie Blackwood without a rebound.
11:45 of 1st period - Sam Bennett wins face-off versus Dryden Hunt in ANAHEIM OUTLAWS zone.
12:09 of 1st period - Shot by Jeff Skinner.
12:09 of 1st period - Stopped by Jeremy Swayman without a rebound.
12:10 of 1st period - Vincent Trocheck wins face-off versus Evgeny Kuznetsov in BANFF WOLVES zone.
12:49 of 1st period - Evgeny Kuznetsov is hit by Alexander Romanov and loses puck.
13:34 of 1st period - Brady Tkachuk is hit by Sam Bennett.
13:55 of 1st period - Minor Penalty to Dougie Hamilton for Hooking.
13:56 of 1st period - Vincent Trocheck wins face-off versus Kent Johnson in BANFF WOLVES zone.
14:09 of 1st period - Shot by Evgeny Kuznetsov.
14:09 of 1st period - Shot Misses the Net.
14:11 of 1st period - Shot by Morgan Rielly.
14:11 of 1st period - Shot Misses the Net.
14:13 of 1st period - Shot by Kent Johnson.
14:13 of 1st period - Stopped by Jeremy Swayman without a rebound.
14:14 of 1st period - Vincent Trocheck wins face-off versus Kent Johnson in BANFF WOLVES zone.
15:13 of 1st period - Shot by Vincent Trocheck.
15:13 of 1st period - Shot Misses the Net.
15:29 of 1st period - Esa Lindell is hit by Michael Bunting and loses puck.
15:48 of 1st period - Shot by Evgeny Kuznetsov.
15:48 of 1st period - Shot Blocked by Esa Lindell.
16:03 of 1st period - Icing by Jamie Oleksiak.
16:04 of 1st period - Pius Suter wins face-off versus Nick Cousins in BANFF WOLVES zone.
16:49 of 1st period - Pius Suter is hit by Brady Tkachuk and loses puck.
16:56 of 1st period - Shot by Jakub Voracek.
16:56 of 1st period - Stopped by Mackenzie Blackwood without a rebound.
16:57 of 1st period - Sam Bennett wins face-off versus Brady Tkachuk in ANAHEIM OUTLAWS zone.
17:34 of 1st period - Shot by Michael Bunting.
17:34 of 1st period - Shot Misses the Net.
18:02 of 1st period - Shot by Michael Rasmussen.
18:02 of 1st period - Shot Blocked by Sean Couturier.
19:03 of 1st period - Shot by Alex Tuch.
19:03 of 1st period - Stopped by Mackenzie Blackwood with a rebound.
19:09 of 1st period - Shot by Evgeny Kuznetsov.
19:09 of 1st period - Deflect By Kevin Fiala.
19:09 of 1st period - Stopped by Jeremy Swayman without a rebound.
19:10 of 1st period - Sam Bennett wins face-off versus Nick Cousins in BANFF WOLVES zone.
19:25 of 1st period - Icing by Alex Galchenyuk.
19:26 of 1st period - Evgeny Kuznetsov wins face-off versus Nick Cousins in BANFF WOLVES zone.
19:46 of 1st period - Kevin Fiala is hit by Alexander Romanov and loses puck.
19:57 of 1st period - Shot by Kevin Fiala.
19:57 of 1st period - Stopped by Jeremy Swayman without a rebound.
19:58 of 1st period - Sam Bennett wins face-off versus Alex Tuch in BANFF WOLVES zone.
Goals for this period are 1 for BANFF WOLVES vs 0 for ANAHEIM OUTLAWS.
Shots for this period are 10 for BANFF WOLVES vs 9 for ANAHEIM OUTLAWS.

2nd period


0:01 of 2nd period - Vincent Trocheck wins face-off versus Evgeny Kuznetsov in neutral zone.
0:01 of 2nd period - Alex Tuch is hit by Evgeny Kuznetsov.
0:15 of 2nd period - Shot by Vincent Trocheck.
0:15 of 2nd period - Shot Misses the Net.
0:40 of 2nd period - Kevin Fiala is hit by Jamie Oleksiak and loses puck.
1:52 of 2nd period - Shot by Sam Bennett.
1:52 of 2nd period - Shot Misses the Net.
1:54 of 2nd period - Shot by Noah Hanifin.
1:54 of 2nd period - Stopped by Jeremy Swayman without a rebound.
1:55 of 2nd period - Michael Rasmussen wins face-off versus Nick Cousins in BANFF WOLVES zone.
2:12 of 2nd period - Shot by Michael Rasmussen.
2:12 of 2nd period - Goal by Michael Rasmussen - BANFF WOLVES : 1 - ANAHEIM OUTLAWS : 1.
2:13 of 2nd period - Pius Suter wins face-off versus Vincent Trocheck in neutral zone.
2:24 of 2nd period - Shot by Jack Quinn.
2:24 of 2nd period - Shot Blocked by Vincent Trocheck.
3:04 of 2nd period - Icing by Dylan Coghlan.
3:05 of 2nd period - Sean Couturier wins face-off versus Sam Bennett in ANAHEIM OUTLAWS zone.
3:18 of 2nd period - Shot by Sam Bennett.
3:18 of 2nd period - Goal by Sam Bennett - BANFF WOLVES : 1 - ANAHEIM OUTLAWS : 2.
3:19 of 2nd period - Dawson Mercer wins face-off versus Michael Rasmussen in neutral zone.
3:22 of 2nd period - Haydn Fleury is hit by Alex Galchenyuk and loses puck.
4:16 of 2nd period - Shot by Sam Bennett.
4:16 of 2nd period - Stopped by Jeremy Swayman with a rebound.
4:24 of 2nd period - Shot by Michael Bunting.
4:24 of 2nd period - Stopped by Jeremy Swayman with a rebound.
4:34 of 2nd period - Shot by Michael Bunting.
4:34 of 2nd period - Deflect By Jeff Skinner.
4:34 of 2nd period - Shot Blocked by Alexander Romanov.
4:36 of 2nd period - Shot by Jeff Skinner.
4:36 of 2nd period - Shot Misses the Net.
4:38 of 2nd period - Shot by Michael Bunting.
4:38 of 2nd period - Deflect By Jeff Skinner.
4:38 of 2nd period - Goal by Jeff Skinner - BANFF WOLVES : 1 - ANAHEIM OUTLAWS : 3.
4:39 of 2nd period - Evgeny Kuznetsov wins face-off versus Roope Hintz in neutral zone.
5:08 of 2nd period - Shot by Pierre Engvall.
5:08 of 2nd period - Shot Misses the Net.
5:10 of 2nd period - Shot by Pierre Engvall.
5:10 of 2nd period - Shot Blocked by Esa Lindell.
5:12 of 2nd period - Shot by Kevin Fiala.
5:12 of 2nd period - Stopped by Jeremy Swayman without a rebound.
5:13 of 2nd period - Sean Couturier wins face-off versus Sam Bennett in BANFF WOLVES zone.
5:26 of 2nd period - Shot by Jeff Skinner.
5:26 of 2nd period - Stopped by Jeremy Swayman without a rebound.
5:27 of 2nd period - Dryden Hunt wins face-off versus Michael Rasmussen in BANFF WOLVES zone.
5:45 of 2nd period - Off-side.
5:46 of 2nd period - Vincent Trocheck wins face-off versus Evgeny Kuznetsov in neutral zone.
5:59 of 2nd period - Shot by Kevin Fiala.
5:59 of 2nd period - Shot Hit the Post.
6:12 of 2nd period - Shot by Evgeny Kuznetsov.
6:12 of 2nd period - Stopped by Jeremy Swayman with a rebound.
7:03 of 2nd period - Shot by Jeff Skinner.
7:03 of 2nd period - Shot Blocked by Alex Tuch.
7:12 of 2nd period - Shot by Jeff Skinner.
7:12 of 2nd period - Shot Misses the Net.
7:14 of 2nd period - Shot by Michael Bunting.
7:14 of 2nd period - Stopped by Jeremy Swayman without a rebound.
7:15 of 2nd period - Michael Rasmussen wins face-off versus Sean Couturier in BANFF WOLVES zone.
7:38 of 2nd period - Jakub Voracek is hit by Thomas Hickey and loses puck.
7:41 of 2nd period - Shot by Sean Couturier.
7:41 of 2nd period - Stopped by Mackenzie Blackwood without a rebound.
7:42 of 2nd period - Pius Suter wins face-off versus Nick Cousins in ANAHEIM OUTLAWS zone.
8:06 of 2nd period - Shot by Pius Suter.
8:06 of 2nd period - Shot Misses the Net.
8:34 of 2nd period - Icing by Noah Hanifin.
8:35 of 2nd period - Jakub Voracek wins face-off versus Pius Suter in ANAHEIM OUTLAWS zone.
9:14 of 2nd period - Brandon Montour is hit by Pierre Engvall.
9:17 of 2nd period - Off-side.
9:18 of 2nd period - Michael Bunting wins face-off versus Alex Tuch in neutral zone.
9:21 of 2nd period - Alex Tuch is hit by Sam Bennett and loses puck.
9:47 of 2nd period - Shot by Roope Hintz.
9:47 of 2nd period - Stopped by Mackenzie Blackwood without a rebound.
9:48 of 2nd period - Zack MacEwen wins face-off versus Nick Cousins in ANAHEIM OUTLAWS zone.
9:55 of 2nd period - Icing by Alexander Romanov.
9:56 of 2nd period - Nick Cousins wins face-off versus Michael Rasmussen in BANFF WOLVES zone.
10:00 of 2nd period - Off-side.
10:01 of 2nd period - Sam Bennett wins face-off versus Vincent Trocheck in neutral zone.
10:17 of 2nd period - Sam Bennett is hit by Roope Hintz and loses puck.
10:29 of 2nd period - Minor Penalty to Haydn Fleury for Slashing.
10:30 of 2nd period - Vincent Trocheck wins face-off versus Jeff Skinner in ANAHEIM OUTLAWS zone.
12:01 of 2nd period - Shot by Brady Tkachuk.
12:01 of 2nd period - Stopped by Mackenzie Blackwood with a rebound.
12:03 of 2nd period - Shot by Brady Tkachuk.
12:03 of 2nd period - Stopped by Mackenzie Blackwood without a rebound.
12:04 of 2nd period - Vincent Trocheck wins face-off versus Sam Bennett in ANAHEIM OUTLAWS zone.
13:08 of 2nd period - Evgeny Kuznetsov is hit by Alexander Romanov and loses puck.
13:16 of 2nd period - Icing by Jacob Bryson.
13:17 of 2nd period - Michael Rasmussen wins face-off versus Dryden Hunt in BANFF WOLVES zone.
13:36 of 2nd period - Alexander Romanov is hit by Zack MacEwen and loses puck.
13:42 of 2nd period - Logan O'Connor is hit by Zack MacEwen and loses puck.
14:16 of 2nd period - Icing by Sean Couturier.
14:17 of 2nd period - Sean Couturier wins face-off versus Sam Bennett in BANFF WOLVES zone.
15:26 of 2nd period - Evgeny Kuznetsov is hit by Jamie Oleksiak and loses puck.
15:43 of 2nd period - Shot by Roope Hintz.
15:43 of 2nd period - Shot Misses the Net.
15:45 of 2nd period - Shot by Roope Hintz.
15:45 of 2nd period - Goal by Roope Hintz - BANFF WOLVES : 2 - ANAHEIM OUTLAWS : 3.
15:46 of 2nd period - Michael Rasmussen wins face-off versus Nick Cousins in neutral zone.
16:56 of 2nd period - Shot by Pierre Engvall.
16:56 of 2nd period - Shot Misses the Net.
16:58 of 2nd period - Shot by Haydn Fleury.
16:58 of 2nd period - Stopped by Jeremy Swayman without a rebound.
16:59 of 2nd period - Vincent Trocheck wins face-off versus Sam Bennett in BANFF WOLVES zone.
17:51 of 2nd period - Icing by Roope Hintz.
17:52 of 2nd period - Evgeny Kuznetsov wins face-off versus Vincent Trocheck in BANFF WOLVES zone.
18:19 of 2nd period - Icing by Evgeny Kuznetsov.
18:20 of 2nd period - Dryden Hunt wins face-off versus Evgeny Kuznetsov in ANAHEIM OUTLAWS zone.
18:22 of 2nd period - Logan O'Connor is hit by Noah Hanifin and loses puck.
18:30 of 2nd period - Minor Penalty to Logan O'Connor for Holding.
18:31 of 2nd period - Vincent Trocheck wins face-off versus Sam Bennett in BANFF WOLVES zone.
19:10 of 2nd period - Shot by Noah Hanifin.
19:10 of 2nd period - Stopped by Jeremy Swayman without a rebound.
19:11 of 2nd period - Sean Couturier wins face-off versus Kent Johnson in BANFF WOLVES zone.
19:20 of 2nd period - Shot by Evgeny Kuznetsov.
19:20 of 2nd period - Stopped by Jeremy Swayman without a rebound.
19:21 of 2nd period - Vincent Trocheck wins face-off versus Kent Johnson in BANFF WOLVES zone.
Goals for this period are 1 for BANFF WOLVES vs 3 for ANAHEIM OUTLAWS.
Shots for this period are 5 for BANFF WOLVES vs 13 for ANAHEIM OUTLAWS.

3rd period


0:01 of 3rd period - Vincent Trocheck wins face-off versus Kent Johnson in neutral zone.
0:24 of 3rd period - Vincent Trocheck is hit by Michael Rasmussen.
0:30 of 3rd period - Dougie Hamilton is hit by Pius Suter and loses puck.
0:38 of 3rd period - Logan O'Connor is hit by Henri Jokiharju and loses puck.
0:40 of 3rd period - Minor Penalty to Henri Jokiharju for Holding.
0:41 of 3rd period - Jeff Skinner wins face-off versus Roope Hintz in ANAHEIM OUTLAWS zone.
0:41 of 3rd period - Jeff Skinner is hit by Brady Tkachuk.
1:11 of 3rd period - Shot by Michael Bunting.
1:11 of 3rd period - Shot Blocked by Esa Lindell.
1:19 of 3rd period - Shot by Michael Bunting.
1:19 of 3rd period - Stopped by Jeremy Swayman without a rebound.
1:20 of 3rd period - Vincent Trocheck wins face-off versus Sam Bennett in BANFF WOLVES zone.
1:43 of 3rd period - Shot by Vincent Trocheck.
1:43 of 3rd period - Shot Misses the Net.
1:45 of 3rd period - Shot by Vincent Trocheck.
1:45 of 3rd period - Stopped by Mackenzie Blackwood with a rebound.
1:47 of 3rd period - Shot by Dawson Mercer.
1:47 of 3rd period - Stopped by Mackenzie Blackwood without a rebound.
1:48 of 3rd period - Sam Bennett wins face-off versus Roope Hintz in ANAHEIM OUTLAWS zone.
2:21 of 3rd period - Shot by Alex Tuch.
2:21 of 3rd period - Stopped by Mackenzie Blackwood without a rebound.
2:22 of 3rd period - Vincent Trocheck wins face-off versus Sam Bennett in ANAHEIM OUTLAWS zone.
2:43 of 3rd period - Shot by Logan O'Connor.
2:43 of 3rd period - Shot Misses the Net.
2:54 of 3rd period - Icing by Logan O'Connor.
2:55 of 3rd period - Sam Bennett wins face-off versus Dryden Hunt in BANFF WOLVES zone.
2:58 of 3rd period - Shot by Sam Bennett.
2:58 of 3rd period - Shot Misses the Net.
4:09 of 3rd period - Shot by Evgeny Kuznetsov.
4:09 of 3rd period - Stopped by Jeremy Swayman without a rebound.
4:10 of 3rd period - Zack MacEwen wins face-off versus Vincent Trocheck in BANFF WOLVES zone.
4:38 of 3rd period - Shot by Vincent Trocheck.
4:38 of 3rd period - Stopped by Mackenzie Blackwood with a rebound.
4:46 of 3rd period - Shot by Roope Hintz.
4:46 of 3rd period - Stopped by Mackenzie Blackwood without a rebound.
4:47 of 3rd period - Sean Couturier wins face-off versus Sam Bennett in ANAHEIM OUTLAWS zone.
5:28 of 3rd period - Shot by Brady Tkachuk.
5:28 of 3rd period - Shot Misses the Net.
5:57 of 3rd period - Icing by Thomas Hickey.
5:58 of 3rd period - Nick Cousins wins face-off versus Evgeny Kuznetsov in ANAHEIM OUTLAWS zone.
5:58 of 3rd period - Dawson Mercer is hit by Thomas Hickey and loses puck.
6:08 of 3rd period - Shot by Dawson Mercer.
6:08 of 3rd period - Shot Misses the Net.
6:16 of 3rd period - Shot by Nick Cousins.
6:16 of 3rd period - Shot Misses the Net.
6:30 of 3rd period - Shot by Alex Galchenyuk.
6:30 of 3rd period - Stopped by Mackenzie Blackwood without a rebound.
6:31 of 3rd period - Vincent Trocheck wins face-off versus Michael Rasmussen in ANAHEIM OUTLAWS zone.
6:34 of 3rd period - Shot by Alex Tuch.
6:34 of 3rd period - Shot Misses the Net.
7:04 of 3rd period - Off-side.
7:05 of 3rd period - Sean Couturier wins face-off versus Sam Bennett in neutral zone.
7:12 of 3rd period - Shot by Brady Tkachuk.
7:12 of 3rd period - Stopped by Mackenzie Blackwood without a rebound.
7:13 of 3rd period - Sean Couturier wins face-off versus Evgeny Kuznetsov in ANAHEIM OUTLAWS zone.
7:30 of 3rd period - Shot by Evgeny Kuznetsov.
7:30 of 3rd period - Shot Blocked by Jamie Oleksiak.
7:41 of 3rd period - Icing by Brandon Montour.
7:42 of 3rd period - Sean Couturier wins face-off versus Sam Bennett in BANFF WOLVES zone.
8:09 of 3rd period - Shot by Sam Bennett.
8:09 of 3rd period - Stopped by Jeremy Swayman without a rebound.
8:10 of 3rd period - Evgeny Kuznetsov wins face-off versus Vincent Trocheck in BANFF WOLVES zone.
8:23 of 3rd period - Shot by Kevin Fiala.
8:23 of 3rd period - Stopped by Jeremy Swayman without a rebound.
8:24 of 3rd period - Nick Cousins wins face-off versus Sam Bennett in BANFF WOLVES zone.
8:46 of 3rd period - Sam Bennett is hit by Jacob Bryson and loses puck.
8:54 of 3rd period - Icing by Jacob Bryson.
8:55 of 3rd period - Evgeny Kuznetsov wins face-off versus Nick Cousins in BANFF WOLVES zone.
9:10 of 3rd period - Off-side.
9:11 of 3rd period - Michael Rasmussen wins face-off versus Vincent Trocheck in neutral zone.
9:14 of 3rd period - Vincent Trocheck is hit by Zack MacEwen and loses puck.
9:37 of 3rd period - Shot by Vincent Trocheck.
9:37 of 3rd period - Stopped by Mackenzie Blackwood with a rebound.
9:39 of 3rd period - Shot by Esa Lindell.
9:39 of 3rd period - Deflect By Alex Tuch.
9:39 of 3rd period - Stopped by Mackenzie Blackwood without a rebound.
9:40 of 3rd period - Sean Couturier wins face-off versus Evgeny Kuznetsov in ANAHEIM OUTLAWS zone.
9:51 of 3rd period - Off-side.
9:52 of 3rd period - Sam Bennett wins face-off versus Nick Cousins in neutral zone.
10:11 of 3rd period - Shot by Jeff Skinner.
10:11 of 3rd period - Shot Misses the Net.
10:29 of 3rd period - Shot by Nick Cousins.
10:29 of 3rd period - Shot Misses the Net.
10:31 of 3rd period - Shot by Alexander Romanov.
10:31 of 3rd period - Stopped by Mackenzie Blackwood without a rebound.
10:32 of 3rd period - Vincent Trocheck wins face-off versus Evgeny Kuznetsov in ANAHEIM OUTLAWS zone.
10:37 of 3rd period - Shot by Roope Hintz.
10:37 of 3rd period - Stopped by Mackenzie Blackwood without a rebound.
10:38 of 3rd period - Evgeny Kuznetsov wins face-off versus Alex Tuch in ANAHEIM OUTLAWS zone.
10:38 of 3rd period - Evgeny Kuznetsov is hit by Vincent Trocheck.
10:51 of 3rd period - Shot by Kevin Fiala.
10:51 of 3rd period - Goal by Kevin Fiala - BANFF WOLVES : 2 - ANAHEIM OUTLAWS : 4.
10:52 of 3rd period - Sam Bennett wins face-off versus Sean Couturier in neutral zone.
10:55 of 3rd period - Jamie Oleksiak is hit by Sam Bennett.
11:46 of 3rd period - Jakub Voracek is hit by Pierre Engvall and loses puck.
12:02 of 3rd period - Icing by Kevin Fiala.
12:03 of 3rd period - Evgeny Kuznetsov wins face-off versus Vincent Trocheck in ANAHEIM OUTLAWS zone.
12:07 of 3rd period - Off-side.
12:08 of 3rd period - Vincent Trocheck wins face-off versus Michael Rasmussen in neutral zone.
12:12 of 3rd period - Icing by Dylan Coghlan.
12:13 of 3rd period - Vincent Trocheck wins face-off versus Michael Rasmussen in ANAHEIM OUTLAWS zone.
12:14 of 3rd period - Shot by Roope Hintz.
12:14 of 3rd period - Goal by Roope Hintz - BANFF WOLVES : 3 - ANAHEIM OUTLAWS : 4.
12:15 of 3rd period - Vincent Trocheck wins face-off versus Pius Suter in neutral zone.
12:17 of 3rd period - Off-side.
12:18 of 3rd period - Vincent Trocheck wins face-off versus Pius Suter in neutral zone.
12:26 of 3rd period - Icing by Morgan Rielly.
12:27 of 3rd period - Vincent Trocheck wins face-off versus Pius Suter in ANAHEIM OUTLAWS zone.
13:05 of 3rd period - Icing by Vincent Trocheck.
13:06 of 3rd period - Vincent Trocheck wins face-off versus Sam Bennett in BANFF WOLVES zone.
13:11 of 3rd period - Sam Bennett is hit by Vincent Trocheck.
13:15 of 3rd period - Shot by Vincent Trocheck.
13:15 of 3rd period - Stopped by Mackenzie Blackwood without a rebound.
13:16 of 3rd period - Sam Bennett wins face-off versus Sean Couturier in ANAHEIM OUTLAWS zone.
13:16 of 3rd period - Sam Bennett is hit by Brady Tkachuk.
13:49 of 3rd period - Sean Couturier is hit by Henri Jokiharju and loses puck.
14:17 of 3rd period - Icing by Kevin Fiala.
14:18 of 3rd period - Evgeny Kuznetsov wins face-off versus Vincent Trocheck in ANAHEIM OUTLAWS zone.
14:44 of 3rd period - Off-side.
14:45 of 3rd period - Michael Rasmussen wins face-off versus Nick Cousins in neutral zone.
15:24 of 3rd period - Shot by Dawson Mercer.
15:24 of 3rd period - Shot Blocked by Thomas Hickey.
16:00 of 3rd period - Shot by Jakub Voracek.
16:00 of 3rd period - Shot Hit the Post.
16:02 of 3rd period - Shot by Esa Lindell.
16:02 of 3rd period - Stopped by Mackenzie Blackwood without a rebound.
16:03 of 3rd period - Sam Bennett wins face-off versus Vincent Trocheck in ANAHEIM OUTLAWS zone.
16:03 of 3rd period - Sam Bennett is hit by Vincent Trocheck.
16:16 of 3rd period - Shot by Sam Bennett.
16:16 of 3rd period - Shot Misses the Net.
16:36 of 3rd period - Shot by Roope Hintz.
16:36 of 3rd period - Shot Blocked by Noah Hanifin.
16:38 of 3rd period - Shot by Vincent Trocheck.
16:38 of 3rd period - Goal by Vincent Trocheck - BANFF WOLVES : 4 - ANAHEIM OUTLAWS : 4.
16:39 of 3rd period - Sean Couturier wins face-off versus Pius Suter in neutral zone.
16:44 of 3rd period - Shot by Brady Tkachuk.
16:44 of 3rd period - Shot Misses the Net.
16:51 of 3rd period - Icing by Dougie Hamilton.
16:52 of 3rd period - Brady Tkachuk wins face-off versus Evgeny Kuznetsov in BANFF WOLVES zone.
17:13 of 3rd period - Shot by Evgeny Kuznetsov.
17:13 of 3rd period - Shot Misses the Net.
17:36 of 3rd period - Shot by Jakub Voracek.
17:36 of 3rd period - Stopped by Mackenzie Blackwood without a rebound.
17:37 of 3rd period - Vincent Trocheck wins face-off versus Sam Bennett in ANAHEIM OUTLAWS zone.
17:42 of 3rd period - Shot by Roope Hintz.
17:42 of 3rd period - Shot Misses the Net.
17:54 of 3rd period - Shot by Jeff Skinner.
17:54 of 3rd period - Goal by Jeff Skinner - BANFF WOLVES : 4 - ANAHEIM OUTLAWS : 5.
17:55 of 3rd period - Alex Galchenyuk wins face-off versus Michael Rasmussen in neutral zone.
18:04 of 3rd period - Shot by Dawson Mercer.
18:04 of 3rd period - Deflect By Nick Cousins.
18:04 of 3rd period - Stopped by Mackenzie Blackwood without a rebound.
18:05 of 3rd period - Jeff Skinner wins face-off versus Vincent Trocheck in ANAHEIM OUTLAWS zone.
19:24 of 3rd period - Roope Hintz is hit by Pius Suter and loses puck.
Goals for this period are 2 for BANFF WOLVES vs 2 for ANAHEIM OUTLAWS.
Shots for this period are 17 for BANFF WOLVES vs 6 for ANAHEIM OUTLAWS.


SEBASTIAN
AHO
MARK
SCHEIFELE
JAKE
OETTINGER

EAST COAST

HOCKEY LEAGUE

  • 17.QUE3CHI2
  • 18.CHA2LIM4
  • 19.TRV3LON2
  • 20.CHW1BAL2
  • 21.PITMAN
  • 22.ATLNHW
  • 23.WORPET
  • 24.RHI